 Dungeon Crawl Stone Soup version 0.29-a0-998-g1987434951 (webtiles) character file.

Game seed: 2801561424893969779

163055 quixfox the Earth Mage (level 17, -5/113 HPs)
             Began as a Gargoyle Earth Elementalist on Aug 6, 2022.
             Was a High Priest of Vehumet.
             Killed from afar by a quicksilver dragon (39 damage)
             ... with a bolt of dispelling energy
             ... on level 4 of the Snake Pit.
             The game lasted 02:13:22 (39953 turns).

quixfox the Earth Mage (GrEE)                      Turns: 39953, Time: 02:13:22

Health: -5/113     AC: 25    Str: 20    XL:     17   Next: 82%
Magic:  4/33       EV: 12    Int: 31    God:    Vehumet [*****.]
Gold:   1304       SH: 10    Dex: 10    Spells: 9/41 levels left

rFire   + + .      SeeInvis .   o - staff of fire
rCold   x . .      Faith    .   H - +0 buckler
rNeg    + + +      Spirit   .   f - +3 leather armour of Kikubaaqudgha's Envy {Int+2}
rPois   ∞          Reflect  +   N - +1 hat {Will+}
rElec   +          Harm     .   (no cloak)
rCorr   .          Rampage  .   A - +1 pair of gloves
Will    ++...                   n - +1 pair of boots
Stlth   ++........              i - amulet of reflection
HPRegen 0.28/turn               a - ring "Ifiphus" {Fire *Slow Str+7}
MPRegen 0.23/turn               G - ring "Muiriy" {rN++ Int+6}

@: flying
A: sickness immunity, AC +12, big wings, negative energy resistance 1,
electricity resistance, torment resistance 1, petrification resistance
a: Renounce Religion


You were on level 4 of the Snake Pit.
You worshipped Vehumet.
Vehumet was extremely pleased with you.
You visited 5 branches of the dungeon, and saw 24 of its levels.
You also visited: Ossuary and Volcano.

You collected 2522 gold pieces.
You spent 1218 gold pieces at shops.

Inventory:

Missiles
 g - 6 throwing nets
Armour
 f - the +3 leather armour of Kikubaaqudgha's Envy (worn) {Int+2}
   (You bought it in a shop on level 2 of the Orcish Mines)

   Int:       It affects your intelligence (+2).
 n - a +1 pair of boots (worn)
 A - a +1 pair of gloves (worn)
 H - a +0 buckler (worn)
 N - a +1 hat of willpower (worn)
 O - a +1 troll leather armour {Snorg}
Magical Staves
 o - a staff of fire (weapon)
Jewellery
 a - the ring "Ifiphus" (left hand) {Fire *Slow Str+7}
   (You found it in a volcano)

   [ring of fire]

   It enhances your fire magic.
   Str:       It affects your strength (+7).
   rF:        It protects you from fire.
   rC:        It makes you vulnerable to cold.
   *Slow:     It may slow you when you take damage.
 e - a ring of magical power
 i - an amulet of reflection (around neck)
 s - a ring of protection from fire
 u - a ring of wizardry
 v - the ring of Gasumin {Will+ AC+4 Str+8}
   (You found it on level 6 of the Dungeon)

   [ring of protection]

   AC:        It affects your AC (+4).
   Str:       It affects your strength (+8).
   Will:      It increases your willpower.
 G - the ring "Muiriy" (right hand) {rN++ Int+6}
   (You bought it in a shop on level 1 of the Snake Pit)

   [ring of intelligence]

   Int:       It affects your intelligence (+6).
   rN:        It greatly protects you from negative energy.
 U - a ring of resist corrosion
Wands
 m - a wand of charming (19)
 q - a wand of roots (25)
 Q - a wand of flame (15)
 R - a wand of polymorph (13)
 S - a wand of mindburst (8)
 T - a wand of acid (3)
Scrolls
 b - 3 scrolls of summoning
 h - 3 scrolls of immolation
 j - a scroll of silence
 k - 6 scrolls of teleportation
 r - 3 scrolls of blinking
 y - 8 scrolls of butterflies
 C - 2 scrolls of fear
 F - 2 scrolls of amnesia
 J - 7 scrolls of magic mapping
 K - 3 scrolls of poison
Potions
 c - 2 potions of berserk rage
 l - 9 potions of heal wounds
 p - 4 potions of cancellation
 t - 6 potions of mutation
 w - a potion of ambrosia
 x - 3 potions of resistance
 z - 8 potions of curing
 B - 3 potions of lignification
 D - 2 potions of brilliance
 E - 3 potions of haste
 I - a potion of might
 P - a potion of invisibility
Miscellaneous
 d - a phantom mirror
 M - a box of beasts


   Skills:
 + Level 15.3 Fighting
 + Level 7.9 Staves
 - Level 6.3 Armour
 - Level 4.2 Dodging
 - Level 2.1 Stealth
 - Level 7.0 Shields
 + Level 12.5 Spellcasting
 + Level 9.6 Conjurations
 + Level 3.4 Necromancy
 - Level 0.7 Transmutations
 + Level 12.7 Fire Magic
 + Level 18.0 Earth Magic
 - Level 5.1 Evocations


You had 9 spell levels left.
You knew the following spells:

 Your Spells              Type           Power      Damage    Failure   Level
a - Sandblast             Erth           100%       2d20      0%          1
b - Passwall              Tmut/Erth      55%        N/A       1%          2
c - Fireball              Conj/Fire      57%        3d22      1%          5
d - Lee's Rapid Deconstr  Erth           46%        3d23*     1%          5
e - Lehudib's Crystal Sp  Conj/Erth      40%        10d10     21%         8
f - Iron Shot             Conj/Erth      40%        9d8       1%          6
g - Borgnjor's Vile Clut  Necr/Erth      36%        N/A       1%          5

Your spell library contained the following spells:

 Spells                   Type           Power      Damage    Failure   Level
 Iskenderun's Battlesphe  Conj           68%        2d12      1%          5
 Freeze                   Ice            76%        1d9       1%          1
 Static Discharge         Conj/Air       49%        3-10/arc  1%          2
 Stone Arrow              Conj/Erth      100%       3d13      1%          3
 Animate Armour           Summ/Erth      100%       N/A       1%          4
 Fulminant Prism          Conj/Hex       24%        3d13      1%          4
 Hailstorm                Conj/Ice       49%        3d11      1%          4
 Iskenderun's Mystic Bla  Conj/Tloc      49%        2d11      1%          4
 Leda's Liquefaction      Hex/Erth       33%        N/A       1%          4
 Petrify                  Tmut/Erth      67%        N/A       1%          4
 Vampiric Draining        Necr           40%        2d8       2%          3
 Slow                     Hex            76%        N/A       3%          1
 Frozen Ramparts          Ice            38%        1d11      3%          3
 Lightning Bolt           Conj/Air       24%        1d40      4%          5
 Blink                    Tloc           38%        N/A       5%          2
 Call Canine Familiar     Summ           19%        N/A       11%         3
 Confusing Touch          Hex            19%        N/A       11%         3
 Ozocubu's Armour         Ice            19%        N/A       11%         3
 Portal Projectile        Hex/Tloc       38%        N/A       11%         3
 Tukima's Dance           Hex            19%        N/A       11%         3
 Airstrike                Air            9%         2d(2-18)  11%         4
 Yara's Violent Unravell  Hex/Tmut       10%        3d6       22%         5
 Passage of Golubria      Tloc           19%        N/A       36%         4
 Summon Lightning Spire   Summ/Air       19%        N/A       36%         4
 Alistair's Intoxication  Tmut/Pois      14%        N/A       65%         5
 Manifold Assault         Tloc           19%        N/A       71%         5
 Eringya's Noxious Bog    Tmut/Pois      10%        N/A       73%         6
 Ozocubu's Refrigeration  Ice            9%         4d9       99%         7
 Storm Form               Tmut/Air       10%        N/A       100%        7
 Maxwell's Capacitive Co  Air            9%         ∞         100%        8


Dungeon Overview and Level Annotations

Branches:
Dungeon (12/15)            Temple (1/1) D:7            Lair (5/5) D:9
 Shoals (0/4) Lair:2        Snake (4/4) Lair:2        Slime (0/5) Lair:5
    Orc (2/2) D:11            Elf (0/3) Orc:2       Ossuary (visited)
Volcano (visited)

Altars:
Ashenzari
Cheibriados
Dithmenos
Elyvilon
Fedhas
Gozag
Hepliaklqana
Kikubaaqudgha
Makhleb
Nemelex Xobeh
Okawaru
Qazlal
Ru
Sif Muna
Trog
Uskayaw
Vehumet
Wu Jian
Xom
Yredelemnul
Zin
The Shining One
Jiyva
Lugonu

Shops:
D:6 (   Orc:2 ([*:   Snake:1 :**==   Snake:3 ==((

Portals:
Abyss: Lair:5

Annotations:
D:5 2 runed translucent doors
D:6 1 runed translucent door, Crazy Yiuf
D:7 2 transporters, gdog's ghost, novice GnDe
D:8 3 runed translucent doors, drpainis's ghost, novice OpBr
Lair:2 3 runed translucent doors, Guvu Tong's ghost, journeyman MiBe


Innate Abilities, Weirdness & Mutations

You are immune to sickness and miasma.
Your stone body is resilient. (AC +12)
You are immune to poison.
Your large and strong wings let you fly.
You resist negative energy. (rN+)
You are resistant to electric shocks. (rElec)
You are resistant to unholy torment.
You are immune to petrification.


Message History

Press: ? - help, Q - select action, (/) - cycle Shift-Dir - straight line, f/p - quicksilver dragon
Aim: a quicksilver dragon (moderately wounded, 60% to hit)
The iron shot hits the quicksilver dragon!!!
The quicksilver dragon is almost dead.
The quicksilver dragon breathes dispelling energy at you.
The bolt of dispelling energy hits you!
You don't have enough magic to cast this spell.
Unknown command.
Casting: Iron Shot (mildly dangerous; 1% risk of failure)
Confirm with . or Enter, or press ? or * to list all spells.
Aiming: Sandblast (safe; 0% risk of failure)
Press: ? - help, Shift-Dir - straight line, f/p - quicksilver dragon
Aim: a quicksilver dragon (severely wounded, catching its breath, 76% to hit)
The blast of sand hits the quicksilver dragon!
The quicksilver dragon is almost dead.
The quicksilver dragon bites you!
The quicksilver dragon barely misses you.
The quicksilver dragon bites you but does no damage.
The quicksilver dragon barely misses you.
The quicksilver dragon bites you but does no damage.
You block the quicksilver dragon's attack.
A naga ritualist comes into view. It is wielding a +0 glaive.
Aiming: Corrosive Bolt
Press: ? - help, Shift-Dir - straight line, f/p - quicksilver dragon
Aim: a quicksilver dragon (almost dead, catching its breath, 57% to hit)
The bolt of acid misses the quicksilver dragon.
You block the quicksilver dragon's attack.
The quicksilver dragon claws you but does no damage.
The quicksilver dragon bites you!
You block the quicksilver dragon's attack.
That's the wrong kind of item! (Use * to select it.) Evoke which item? (* to show all) (? for menu, Esc to quit)
Okay, then.
Aiming: Corrosive Bolt
Press: ? - help, Shift-Dir - straight line, f/p - quicksilver dragon
Aim: a quicksilver dragon (almost dead, 57% to hit)
The bolt of acid misses the quicksilver dragon.
The quicksilver dragon breathes dispelling energy at you.
The bolt of dispelling energy hits you!!!
You die...

.##.............'..+#..........##
.#..............####........####,
.#......#+####.............##,,,,
.#.....##..#.'........#....#..,,,
.#.....'.....#........##...#..***
.#.....#.....#.........#..##.####
.#.....#######.........####...#..
##.).).......[.........###.......
........######..@D.......#.......
.......##....##..).......##...#**
.......#......#N.[[.[..####.8## *
.......##.....'.......8##.....##*
........##'#.##.........[......#,
...........###.............⌠N.)+,
...............................#,
###########...........8##.....##*
..[...### #.....####...####.8## *


You could see a quicksilver dragon (catching breath) and a naga ritualist.

Vanquished Creatures
  A quicksilver dragon (Snake:4)
  Kirke (Snake:2)
  Gastronok (Lair:2)
  Donald (Snake:3)
  2 nagarajas (Snake:4)
  An orc warlord (Orc:2)
  Aizul (Snake:2)
  Snorg (Lair:3)
  Harold (D:9)
  2 salamander tyrants
  3 hydras
  Fannar (Lair:1)
  3 two-headed ogres
  A catoblepas (Lair:3)
  20 anacondas
  14 naga warriors
  4 orc high priests
  2 thrashing horrors (Lair:5)
  13 naga sharpshooters
  A hell knight (Volcano)
  3 shock serpents
  Nergalle (D:12)
  A sun demon (Volcano)
  3 skeletal warriors (D:12)
  Lodul (D:10)
  4 salamander mystics
  A sea snake (Snake:1)
  9 naga ritualists
  3 orc knights (Orc:2)
  15 mana vipers
  2 deep elf pyromancers
  A faun (Lair:2)
  6 orc sorcerers
  7 ugly things
  18 elephants
  Joseph (D:10)
  19 salamanders
  3 manticores
  15 naga magi
  44 black mambas
  2 smoke demons (Lair:5)
  5 guardian serpents (Snake:4)
  2 molten gargoyles (Volcano)
  A torpor snail (Lair:2)
  A large abomination (Lair:5)
  3 gargoyles
  11 cane toads
  2 unseen horrors (D:11)
  A kobold demonologist (D:12)
  10 komodo dragons
  A red devil (Volcano)
  6 trolls
  An ancient zyme (Lair:5)
  2 polar bears
  38 blink frogs
  10 dream sheep
  A vampire (D:9)
  A shadow (D:10)
  A wraith (D:10)
  A water elemental (D:12)
  A spriggan (Lair:5)
  38 yaks
  2 wyverns
  5 fire bats (Volcano)
  2 steam dragons
  3 ynoxinuls (Lair:5)
  3 basilisks
  2 chaos spawn (Lair:5)
  10 vampire mosquitoes
  32 nagas
  2 acid dragons
  25 water moccasins
  An ice beast (D:7)
  33 orc warriors
  A sky beast (D:7)
  13 ogres
  38 wolves
  7 black bears
  8 centaurs
  3 phantoms (D:6)
  3 kobold brigands
  12 small abominations (Lair:5)
  An elf zombie (Ossuary)
  18 bullfrogs
  9 necrophages
  3 scorpions
  A gnoll sergeant (D:10)
  10 wights
  10 killer bees
  2 electric eels
  6 howler monkeys
  6 lava snakes (Volcano)
  A human zombie (Ossuary)
  3 jellies
  29 orc priests
  3 hounds
  3 iguanas
  Natasha (thrice) (D:2)
  26 orc wizards
  A hound zombie (Ossuary)
  4 mummies (Ossuary)
  12 gnolls
  8 adders
  A shadow imp (D:5)
  4 ufetubi
  2 worms
  5 dart slugs
  99 orcs
  A bat (D:3)
  11 endoplasms
  3 giant cockroaches (D:1)
  6 goblins
  3 hobgoblins
  3 jackals (D:1)
  3 quokkas
  6 ball pythons
  2 frilled lizards
  2 hobgoblin zombies (Ossuary)
  18 kobolds
  An orc zombie (Ossuary)
  3 rats
907 creatures vanquished.

Vanquished Creatures (collateral kills)
  An elf zombie (Ossuary)
  2 rat zombies (Ossuary)
3 creatures vanquished.

Vanquished Creatures (others)
  A black mamba (Snake:2)
  7 humans (Snake:2)
  A hound zombie (Ossuary)
  A jackal zombie (Ossuary)
  An orc zombie (Ossuary)
  88 fungi
  121 plants
220 creatures vanquished.

Grand Total: 1130 creatures vanquished

Notes
Turn   | Place    | Note
-------+----------+-------------------------------------------
     0 | D:1      | quixfox the Gargoyle Earth Elementalist began the quest for
                  | the Orb.
     0 | D:1      | Reached XP level 1. HP: 10/10 MP: 3/3
   145 | D:1      | Reached XP level 2. HP: 16/16 MP: 1/5
   226 | D:1      | Reached skill level 1 in Fighting
   240 | D:1      | Reached skill level 4 in Earth Magic
   474 | D:1      | Reached XP level 3. HP: 20/20 MP: 6/6
   477 | D:1      | Learned a level 2 spell: Passwall
   481 | D:1      | Learned a level 3 spell: Stone Arrow
   641 | D:1      | Found a faded altar of an unknown god.
  1414 | D:2      | Reached skill level 1 in Conjurations
  1572 | D:2      | Noticed Natasha
  1577 | D:2      | Killed Natasha
  1578 | D:2      | Reached XP level 4. HP: 24/26 MP: 8/8
  1753 | D:2      | Noticed Natasha
  1759 | D:2      | Killed Natasha
  2160 | D:2      | Noticed Natasha
  2163 | D:2      | Killed Natasha
  2164 | D:2      | Reached XP level 5. HP: 31/31 MP: 9/9
  2321 | D:3      | Reached skill level 5 in Earth Magic
  2321 | D:3      | Reached XP level 6. HP: 36/36 MP: 9/10
  2672 | D:3      | Found a glowing golden altar of the Shining One.
  3141 | D:4      | Noticed a black bear
  3144 | D:4      | Killed a black bear
  3222 | D:4      | Learned a level 5 spell: Lee's Rapid Deconstruction
  3272 | D:4      | Reached XP level 7. HP: 42/42 MP: 12/12
  3943 | D:4      | Found a glowing silver altar of Zin.
  4087 | D:5      | Entered Level 5 of the Dungeon
  4127 | D:5      | Reached skill level 6 in Earth Magic
  4127 | D:5      | Found an ancient bone altar of Kikubaaqudgha.
  4271 | D:5      | Reached XP level 8. HP: 48/48 MP: 14/14
  4521 | D:5      | Reached skill level 5 in Fighting
  4587 | D:5      | Found a runed translucent door.
  4605 | D:5      | Found a runed translucent door.
  4833 | D:6      | Reached skill level 1 in Fire Magic
  4913 | D:6      | Reached skill level 5 in Conjurations
  4913 | D:6      | Reached skill level 7 in Earth Magic
  4972 | D:6      | Reached skill level 5 in Spellcasting
  5001 | D:6      | Found a runed translucent door.
  5002 | D:6      | Noticed Crazy Yiuf
  5094 | D:6      | Reached XP level 9. HP: 55/55 MP: 16/16
  5163 | D:6      | Found Affifyti's Weapon Boutique.
  5230 | D:6      | Identified the ring of Gasumin {Will+ AC+4 Str+8}
  5306 | D:6      | Found an opulent altar of Gozag.
  5391 | D:6      | Found a shadowy altar of Dithmenos.
  5395 | D:6      | Found an ornate altar of the Wu Jian Council.
  5400 | D:6      | Found an iron altar of Okawaru.
  5929 | D:7      | Found a transporter.
  5931 | D:7      | Noticed a moth of wrath
  5937 | D:7      | Found a bloodstained altar of Trog.
  5937 | D:7      | Noticed gdog's ghost (novice GnDe)
  6038 | D:7      | Found a transporter.
  6057 | D:7      | Reached skill level 8 in Earth Magic
  6067 | D:7      | Found a staircase to the Ecumenical Temple.
  6076 | Temple   | Entered the Ecumenical Temple
  6264 | D:7      | Found a sand-covered staircase.
  6273 | Ossuary  | Entered an ossuary
  6790 | D:7      | Found a sparkling altar of Nemelex Xobeh.
  6841 | D:7      | Found a radiant altar of Vehumet.
  6844 | D:7      | Became a worshipper of Vehumet
  7016 | D:7      | Noticed a deep elf pyromancer
  7018 | D:7      | Killed a deep elf pyromancer
  7102 | D:8      | Reached XP level 10. HP: 17/63 MP: 19/19
  7412 | D:8      | Reached skill level 9 in Earth Magic
  7449 | D:8      | Found a runed translucent gate.
  7449 | D:8      | Found a runed translucent gate.
  7449 | D:8      | Found a runed translucent gate.
  7452 | D:8      | Noticed a centaur warrior
  7452 | D:8      | Noticed drpainis's ghost (novice OpBr)
  7452 | D:8      | Noticed a tengu warrior
  8284 | D:9      | Reached skill level 5 in Armour
  8284 | D:9      | Reached skill level 5 in Fire Magic
  8284 | D:9      | Reached skill level 10 in Earth Magic
  8284 | D:9      | Reached XP level 11. HP: 71/71 MP: 21/21
  8566 | D:9      | Reached * piety under Vehumet
  8566 | D:9      | Offered knowledge of Magic Dart by Vehumet.
  8567 | D:9      | Reached skill level 11 in Earth Magic
  8774 | D:9      | Found a staircase to the Lair.
  9276 | D:9      | Noticed Harold
  9284 | D:9      | Killed Harold
  9550 | D:9      | Found a hazy altar of Hepliaklqana.
 10058 | D:10     | Entered Level 10 of the Dungeon
 10058 | D:10     | Noticed Lodul
 10124 | Lair:1   | Entered Level 1 of the Lair of Beasts
 10181 | Lair:1   | Reached XP level 12. HP: 77/77 MP: 8/22
 10305 | Lair:1   | Reached ** piety under Vehumet
 10308 | Lair:1   | Offered knowledge of Foxfire by Vehumet.
 10319 | D:9      | Reached skill level 10 in Fighting
 10544 | Lair:1   | Noticed Fannar
 10568 | Lair:1   | Killed Fannar
 10569 | Lair:1   | Reached skill level 1 in Shields
 10765 | Lair:1   | Reached skill level 12 in Earth Magic
 11512 | Lair:2   | Offered knowledge of Ignite Poison by Vehumet.
 12152 | Lair:2   | Reached *** piety under Vehumet
 12162 | Lair:2   | Learned a level 8 spell: Lehudib's Crystal Spear
 12279 | Lair:2   | Reached XP level 13. HP: 84/84 MP: 7/25
 12444 | Lair:2   | Offered knowledge of Inner Flame by Vehumet.
 12906 | Lair:2   | Found a staircase to the Shoals.
 13055 | Lair:2   | Reached skill level 5 in Shields
 13140 | Lair:2   | Found a runed translucent gate.
 13141 | Lair:2   | Found a runed translucent gate.
 13142 | Lair:2   | Found a runed translucent gate.
 13177 | Lair:2   | Found a staircase to the Snake Pit.
 13263 | Lair:2   | Noticed Gastronok
 13270 | Lair:2   | Killed Gastronok
 13270 | Lair:2   | Reached **** piety under Vehumet
 13470 | Lair:2   | Noticed Guvu Tong's ghost (journeyman MiBe)
 13787 | Lair:3   | Reached skill level 13 in Earth Magic
 13802 | Lair:3   | Offered knowledge of Dazzling Flash by Vehumet.
 14678 | Lair:3   | Identified the +6 hand axe of Typedgh {spect, Fly rPois rN+
                  | Int-3}
 15104 | Lair:3   | Noticed Snorg
 15110 | Lair:3   | Killed Snorg
 16072 | Lair:4   | Reached skill level 14 in Earth Magic
 16072 | Lair:4   | Gained mutation: Your large and strong wings let you fly.
                  | [Gargoyle growth]
 16072 | Lair:4   | Reached XP level 14. HP: 64/92 MP: 27/27
 16210 | Lair:4   | Reached ***** piety under Vehumet
 16210 | Lair:4   | Offered knowledge of Iron Shot by Vehumet.
 16218 | Lair:4   | Learned a level 6 spell: Iron Shot
 17684 | Lair:5   | Entered Level 5 of the Lair of Beasts
 17999 | Lair:5   | Found a staircase to the Slime Pits.
 17999 | Lair:5   | Found a viscous altar of Jiyva.
 18750 | Lair:5   | Reached skill level 10 in Spellcasting
 19196 | Lair:5   | Reached skill level 15 in Earth Magic
 20509 | Lair:5   | Reached skill level 10 in Fire Magic
 21054 | Lair:5   | Found a corrupted altar of Lugonu.
 21054 | Lair:5   | Found a one-way gate to the infinite horrors of the Abyss.
 21065 | Lair:5   | Identified the +8 chain mail "Farul" {Int+6 Stlth+}
 21572 | D:10     | Killed Lodul
 21740 | D:10     | Noticed Joseph
 21806 | D:10     | Reached skill level 1 in Staves
 21858 | D:10     | Killed Joseph
 22056 | D:10     | Offered knowledge of Olgreb's Toxic Radiance by Vehumet.
 22632 | D:11     | Reached XP level 15. HP: 98/98 MP: 19/29
 22924 | D:11     | Found a staircase to the Orcish Mines.
 23663 | D:11     | Found a radiant altar of Vehumet.
 24059 | D:12     | Identified the +5 scale mail "Suedaaxek" {Will+}
 24110 | D:12     | Reached skill level 16 in Earth Magic
 24149 | D:12     | Noticed Nergalle
 24161 | D:12     | Killed Nergalle
 25215 | Orc:1    | Entered Level 1 of the Orcish Mines
 25461 | Orc:1    | Reached skill level 1 in Evocations
 25827 | Orc:2    | Entered Level 2 of the Orcish Mines
 25881 | Orc:2    | Found a dark tunnel.
 25892 | Volcano  | Entered a volcano
 26250 | Volcano  | Found a bloodstained altar of Trog.
 26528 | Volcano  | Identified the ring "Ifiphus" {Fire *Slow Str+7}
 26739 | Orc:2    | Offered knowledge of Eringya's Noxious Bog by Vehumet.
 27458 | Orc:2    | Noticed an orc warlord
 27624 | Orc:2    | Killed an orc warlord
 28799 | Orc:2    | Found Kagut's General Store.
 28800 | Orc:2    | Found Beodewk's Book Shop.
 28801 | Orc:2    | Found Qaczulet's Antique Armour Boutique.
 28801 | Orc:2    | Found Rolle's Antique Weapon Boutique.
 28815 | Orc:2    | Bought a potion of berserk rage for 75 gold pieces
 28825 | Orc:2    | Bought a jewelled leather armour for 196 gold pieces
 28825 | Orc:2    | Identified the +3 leather armour of Kikubaaqudgha's Envy
                  | {Int+2} (You bought it in a shop on level 2 of the Orcish
                  | Mines)
 28825 | Orc:2    | Bought a heavily runed ring mail for 252 gold pieces
 28825 | Orc:2    | Identified the +1 ring mail of the Lotus Blossom {Rampage
                  | Drain Will++ Int+4} (You bought it in a shop on level 2 of
                  | the Orcish Mines)
 28895 | Orc:2    | Found a staircase to the Elven Halls.
 29062 | Snake:1  | Entered Level 1 of the Snake Pit
 29335 | Snake:1  | Offered knowledge of Irradiate by Vehumet.
 29541 | Snake:1  | Reached XP level 16. HP: 92/105 MP: 13/31
 29980 | Snake:1  | Reached skill level 5 in Staves
 30078 | Snake:1  | Found Derunn's Jewellery Boutique.
 30078 | Snake:1  | Found Jentus's General Store.
 30080 | Snake:1  | Found Ocaixemy's Jewellery Boutique.
 30081 | Snake:1  | Found Xiting's General Store.
 30106 | Snake:1  | Bought the ring "Muiriy" {rN++ Int+6} for 695 gold pieces
 30603 | Snake:1  | Found Hudwueh's Self-Improvement Boutique.
 30886 | Snake:1  | Reached skill level 17 in Earth Magic
 32428 | Snake:2  | Learned a level 5 spell: Borgnjor's Vile Clutch
 32567 | Snake:2  | Noticed Kirke
 32571 | Snake:2  | Killed Kirke
 33224 | Snake:2  | Reached skill level 5 in Evocations
 33397 | Snake:2  | Noticed Aizul
 33405 | Snake:2  | Killed Aizul
 33634 | Snake:2  | Offered knowledge of Fireball by Vehumet.
 33641 | Snake:2  | Learned a level 5 spell: Fireball
 34850 | Snake:2  | Reached skill level 1 in Necromancy
 35002 | Snake:3  | Reached XP level 17. HP: 112/112 MP: 32/33
 35370 | Snake:3  | Found Pawas's Jewellery Emporium.
 36012 | Snake:3  | Found Veiryg's Jewellery Shop.
 36025 | Snake:3  | Found Alefor's Weapon Boutique.
 36026 | Snake:3  | Found Cedoten's Weapon Shop.
 36093 | Snake:3  | Noticed Donald
 36096 | Snake:3  | Killed Donald
 36509 | Snake:3  | Found a shadowy altar of Dithmenos.
 37169 | Snake:3  | Reached skill level 15 in Fighting
 37457 | Snake:4  | Entered Level 4 of the Snake Pit
 38886 | Snake:4  | Offered knowledge of Iskenderun's Battlesphere by Vehumet.
 39093 | Snake:4  | Reached skill level 18 in Earth Magic
 39540 | Snake:4  | Noticed a quicksilver dragon
 39550 | Snake:4  | Killed a quicksilver dragon
 39943 | Snake:4  | Noticed a quicksilver dragon
 39953 | Snake:4  | Killed from afar by a quicksilver dragon

Illustrated notes

Levels and vault maps discovered:
D:1:      elethiomel_arrival_shortcut, layout_basic,
          hellmonk_ecumenical_altar_inner_sanctum
D:2:      layout_loops_ring, uniq_natasha
D:3:      minmay_evil_eye, layout_loops_cross,
          mainiacjoe_overflow_six_doors_small
D:4:      layout_loops_ring, lemuel_tele_altar
D:5:      lemuel_insect_pit, layout_gridville,
          nicolae_kikubaaqudgha_miasma_corner, grunt_decor_arrowhead
D:6:      layout_loops_ring, grunt_temple_overflow_diamond,
          nicolae_gozag_seed_capital, serial_shops, nicolae_stop_n_shop_1,
          chequers_arboretum, uniq_crazy_yiuf_cottage
D:7:      layout_basic, nemelex_xobeh_ov_fountains_minmay, kennysheep_mini,
          minmay_temple_entry_gardened_gates, gammafunk_ghost_wrathful_warriors,
          nicolae_ossuary_entry_monument, guppyfry_early_elven_hall
D:8:      layout_basic, gammafunk_ghost_split
D:9:      layout_basic, amcnicky_altar_gilded, due_lair_maze_entry_diamond,
          uniq_harold
D:10:     layout_rooms, uniq_joseph, uniq_lodul
D:11:     layout_gridville, david_orc_5, fiery_altar_vehumet
D:12:     layout_roguey, nicolae_lava_and_water, uniq_nergalle
Temple:   nicolae_temple_ecumenical_triangle
Lair:1:   layout_cave_shapes, uniq_fannar
Lair:2:   layout_cave_pods, elwin_shoals_entry_rocks,
          minmay_snake_entry_guardpost_small, special_room, gammafunk_ghost_icy,
          grunt_forest_large_clearings, serial_bayou_shore_a,
          grunt_megastairs_1, uniq_gastronok
Lair:3:   layout_cellular_growth, small_statue_intersection,
          lemuel_fruit_fields, grunt_megastairs_4, uniq_snorg
Lair:4:   layout_roguey, serial_rivers, chequers_serial_rivers_micro_e,
          chequers_serial_rivers_micro_b, chequers_serial_rivers_marsh,
          chequers_serial_rivers_micro_c, chequers_serial_rivers_micro_c,
          roderic_carrion_pond, lemuel_fruit_tree
Lair:5:   hellmonk_lair_end_abyssal_woods, layout_cave_pods,
          nicolae_slime_entry_slimehenge, minivault_26
Snake:1:  layout_layer_cave, nicolae_shop_self_help, minmay_shoptagon,
          serial_bayou_shore_b
Snake:2:  layout_chambers, nicolae_triple_integral, grunt_megastairs_5,
          uniq_kirke, uniq_aizul
Snake:3:  layout_chambers, serial_shops, nicolae_diamond_shop, basic_altar,
          minmay_shop_star, serial_bayou_shore_b, uniq_donald
Snake:4:  hellmonk_snake_rune_quicksilver_temple, layout_cave_town,
          nrook_guardian_serpent_double
Orc:1:    layout_caves, kennysheep_orc_chapel
Orc:2:    st_orc_congregation, layout_caves, enter_volcano_2

Skill      XL: |  1  2  3  4  5  6  7  8  9 10 11 12 13 14 15 16 17 |
---------------+----------------------------------------------------+-----
Fighting       | 1 2 3 4 5 7 9 10 12 13 14 15 | 15.3
Earth Magic    | 4 5 6 7 8 10 11 12 14 15 16 17 18 | 18.0
Conjurations   | 1 2 3 4 5 6 7 8 9 |  9.6
Spellcasting   | 3 4 5 6 7 8 9 10 11 12 | 12.5
Dodging        | 2 4 |  4.2
Fire Magic     | 1 5 6 7 9 10 11 12 | 12.7
Armour         | 5 6 |  6.3
Shields        | 4 6 7 |  7.0
Staves         | 1 4 6 7 |  7.9
Evocations     | 3 5 |  5.1
Necromancy     | 1 3 |  3.4
Stealth        | |  2.1
Transmutations | |  0.7

Action                   |  1- 3 |  4- 6 |  7- 9 | 10-12 | 13-15 | 16-18 || total
-------------------------+-------+-------+-------+-------+-------+-------++-------
Melee: Staff             |       |       |     1 |     6 |    14 |    29 ||    50
 Cast: Sandblast         |    57 |    52 |   177 |   243 |   439 |    33 ||  1001
       Lee's Rapid Decon |       |       |       |    48 |   135 |    46 ||   229
       Iron Shot         |       |       |       |       |   324 |   233 ||   557
       Passwall          |       |       |       |       |     1 |     1 ||     2
       Fireball          |       |       |       |       |       |    51 ||    51
       Borgnjor's Vile C |       |       |       |       |       |     2 ||     2
Evoke: Wand              |       |       |     7 |     1 |     1 |     2 ||    11
  Use: Scroll            |       |    14 |     6 |     8 |     5 |     4 ||    37
       Potion            |       |       |       |     2 |     4 |     2 ||     8
Armor: Robe              |     5 |    18 |    76 |     9 |       |       ||   108
       Acid dragon scale |       |       |       |   123 |    93 |       ||   216
       Troll leather arm |       |       |       |       |   249 |       ||   249
       Leather armour    |       |       |       |       |    21 |    80 ||   101
Dodge: Dodged            |     8 |    18 |    84 |   156 |   321 |    87 ||   674
Block: Other             |     5 |     9 |    34 |    60 |     3 |       ||   111
       Reflection        |       |       |       |     2 |    22 |    14 ||    38
       Buckler           |       |       |       |       |   342 |    90 ||   432

Table legend: (Time is in decaauts)
 A = Elapsed time spent in this place.
 B = Non-inter-level travel time spent in this place.
 C = Inter-level travel time spent in this place.
 D = Time resting spent in this place.
 E = Time spent auto-exploring this place.
 F = Levels seen in this place.
 G = Mean time per level.
                   A        B        C        D        E       F      G
               +--------+--------+--------+--------+--------+-----+--------+
         Total |  40998 |  39506 |   1492 |  14322 |  14814 |  26 | 1576.8 |
       Dungeon |  14549 |  13558 |    991 |   3044 |   7363 |  12 | 1212.4 |
        Temple |     33 |     33 |      0 |      0 |      0 |   1 |   33.0 |
          Lair |  11494 |  11184 |    310 |   4719 |   2859 |   5 | 2298.8 |
     Snake Pit |  10933 |  10822 |    111 |   4667 |   4053 |   4 | 2733.2 |
  Orcish Mines |   3079 |   2999 |     80 |   1472 |    403 |   2 | 1539.5 |
       Ossuary |    234 |    234 |      0 |     12 |    136 |   1 |  234.0 |
       Volcano |    672 |    672 |      0 |    408 |      0 |   1 |  672.0 |
               +--------+--------+--------+--------+--------+-----+--------+

Top non-repeatable levels by time:
  Lair:5: 3501 daAuts
  Lair:2: 3277 daAuts
 Snake:2: 3161 daAuts
 Snake:3: 3070 daAuts
 Snake:1: 2753 daAuts
     D:9: 2508 daAuts
 Snake:4: 1947 daAuts
  Lair:4: 1891 daAuts
  Lair:3: 1864 daAuts
   Orc:2: 1728 daAuts
    D:11: 1457 daAuts
   Orc:1: 1351 daAuts
     D:2: 1336 daAuts
     D:8: 1155 daAuts
    D:12: 1142 daAuts
